Predators vs Ducks

Created - 13 février 2018 at 17:25

Goals
1 2 3 T
Predators 1 2 1 4
Ducks 2 0 0 2
Shots
1 2 3 T
Predators 12 5 10 27
Ducks 7 6 2 15

1st period

1. Ducks , Mark Scheifele 24 (Gabriel Landeskog 22, Kris Letang 30) at 7:47 (PP)
2. Predators , Vladislav Namestnikov 9 (Roman Josi 39, Wade Megan 2) at 8:42
3. Ducks , Mark Scheifele 25 (Wayne Simmonds 29, Kris Letang 31) at 14:41

Penalties :
Brandon Dubinsky (ANA) for Holding (Minor) at 4:02, J.T. Miller (NSH) for Slashing (Minor) at 4:02, Steven Stamkos (NSH) for Interference (Minor) at 7:08, Brandon Dubinsky (ANA) for Hooking (Minor) at 15:23, Josh Manson (ANA) for Hooking (Minor) at 16:50

2nd period

4. Predators , Jaden Schwartz 25 (Steven Stamkos 30) at 2:12 (PP)
5. Predators , Elias Lindholm 11 (Max Pacioretty 31, Nick Leddy 30) at 9:14 (PP)

Penalties :
Brandon Dubinsky (ANA) for Tripping (Minor) at 1:48, Nikita Zadorov (NSH) for Hooking (Minor) at 3:14, Chris Kunitz (ANA) for Interference (Minor) at 9:02, J.T. Miller (NSH) for Hooking (Minor) at 11:02, Boone Jenner (ANA) for Holding (Minor) at 16:45

3rd period

6. Predators , Kevin Hayes 9 (J.T. Miller 27, Max Pacioretty 32) at 1:24 (PP)

Penalties :
Wayne Simmonds (ANA) for Goalie Interference (Minor) at 1:18, Max Pacioretty (NSH) for Boarding (Minor) at 5:33, Max Pacioretty (NSH) for Tripping (Minor) at 9:08, Derek Forbort (ANA) for Interference (Minor) at 13:31

Goalie Stats

Pekka Rinne (NSH), 13 saves from 15 shots - (0.867), W, 26-15-4, 60:00 minutes
Braden Holtby (ANA), 15 saves from 19 shots - (0.789), L, 19-22-4, 41:24 minutes
Justin Peters (ANA), 8 saves from 8 shots - (1.000), 18:36 minutes

Players Stats for Predators

Player Name              G  A  P  +/- PIM S  H  SB GA TA FO     MP     PP MP  PK MP  
------------------------------------------------------------------------------------
Cal OReilly              0  0  0   0  0   0  1  0  0  0  0/1    12:50   0:00   2:22 
Connor Murphy            0  0  0   0  0   0  1  1  0  0  0/0    20:08   3:36   3:22 
Elias Lindholm           1  0  1   0  0   2  1  0  0  0  9/14   11:53   0:12   0:40 
J.T. Miller              0  1  1   0  4   1  2  0  0  0  0/0    17:04   3:55   2:43 
Jaden Schwartz           1  0  1   0  0   5  1  0  0  0  0/0    17:37   4:08   1:49 
John Moore               0  0  0   0  0   0  1  0  0  0  0/0    13:15   0:00   0:19 
Kevin Hayes              1  0  1   0  0   3  0  0  0  0  0/0    13:39   2:47   0:00 
Klas Dahlbeck            0  0  0   0  0   0  1  0  0  0  0/0     5:46   0:46   1:42 
Max Pacioretty           0  2  2  -1  4   3  1  0  0  0  5/9    21:32   4:07   3:05 
Milan Michalek           0  0  0   1  0   0  0  0  0  0  0/0     9:16   1:11   0:12 
Nick Leddy               0  1  1   0  0   3  0  2  0  0  0/0    24:13   3:56   3:36 
Nikita Zadorov           0  0  0   0  2   0  4  0  0  0  0/0    12:21   0:00   0:00 
Oscar Klefbom            0  0  0   0  0   2  0  1  0  0  0/0    21:23   3:50   3:39 
Roman Josi               0  1  1   0  0   1  3  3  0  0  0/0    22:53   4:04   4:32 
Steven Stamkos           0  1  1   0  2   4  0  0  0  0  10/28  20:25   3:59   4:47 
Vincent Trocheck         0  0  0  -1  0   1  1  0  0  0  6/15   18:49   3:59   1:32 
Vladislav Namestnikov    1  0  1   0  0   1  1  0  0  0  1/2    18:23   0:00   0:00 
Wade Megan               0  1  1   1  0   1  1  0  0  0  3/5     7:53   0:00   0:00 

Players Stats for Ducks

Player Name              G  A  P  +/- PIM S  H  SB GA TA FO     MP     PP MP  PK MP  
------------------------------------------------------------------------------------
Blake Comeau             0  0  0  -1  0   1  1  0  0  0  0/0     8:36   0:00   4:29 
Boone Jenner             0  0  0   0  2   1  2  0  0  0  1/1    13:44   0:03   1:45 
Brandon Dubinsky         0  0  0   0  6   1  0  1  0  0  7/13   14:18   0:03   2:21 
Chris Kunitz             0  0  0  -1  2   0  0  0  0  0  0/0     4:12   0:00   0:06 
Claude Giroux            0  0  0   0  0   1  0  0  0  0  12/23  18:23   3:31   2:50 
Derek Forbort            0  0  0   0  2   0  3  0  0  0  0/0    14:27   0:56   0:38 
Gabriel Landeskog        0  1  1   1  0   0  2  0  0  0  1/1    19:39   5:04   0:41 
Jake Dotchin             0  0  0  -1  0   0  2  1  0  0  0/0    17:41   0:00   0:58 
Josh Manson              0  0  0   1  2   0  3  0  0  0  0/0    21:45   4:22   2:54 
Kris Letang              0  2  2   1  0   1  1  1  0  0  0/0    24:16   4:22   4:46 
Mark Scheifele           2  0  2   1  0   4  0  0  0  0  13/23  20:17   5:04   0:00 
Matt Hunwick             0  0  0   0  0   0  1  1  0  0  0/0    19:34   4:13   3:22 
Milan Lucic              0  0  0   0  0   0  1  0  0  0  0/0    14:50   3:28   0:00 
Nikita Zaitsev           0  0  0  -1  0   0  0  1  0  0  0/0    22:09   3:17   3:27 
T.J. Oshie               0  0  0   0  0   1  1  1  0  0  4/6    19:04   3:28   3:34 
Wayne Simmonds           0  1  1   1  2   5  2  0  0  0  0/0    20:16   5:04   0:00 
William Nylander         0  0  0   0  0   0  0  0  0  0  0/1    11:57   0:00   0:00 
Yanni Gourde             0  0  0  -1  0   0  0  0  0  0  2/6     4:07   0:00   0:00 

3 Stars

1 - Mark Scheifele (ANA)
2 - Elias Lindholm (NSH)
3 - Vladislav Namestnikov (NSH)

Power Play

Predators - 3 on 7 Attempt(s) - 42.86%
Ducks - 1 on 5 Attempt(s) - 20.00%

Penalty Kill

Predators - 4 on 5 Attempt(s) - 80.00% - Score 0 goal in Penalty Kill
Ducks - 4 on 7 Attempt(s) - 57.14% - Score 0 goal in Penalty Kill

Team Stat

Predators - Hits : 19 - Faceoff Wins : 34 - Blocked Shots : 7 - Penalty Minutes : 12
Ducks - Hits : 19 - Faceoff Wins : 40 - Blocked Shots : 6 - Penalty Minutes : 16

Official

Referees : Mike Hasenfratz and Jon Mclsaac
Linesman : Tony Sericolo and Brian Murphy

Game Notes

Justin Peters enters game at 1:24 of 3rd period

Finance

Level 1 -- Attendance: 5749 (88.45%) -- Ticket Income 632 390 $
Level 2 -- Attendance: 4866 (97.32%) -- Ticket Income 364 950 $
Level 3 -- Attendance: 2600 (100.00%) -- Ticket Income 145 600 $
Level 4 -- Attendance: 2074 (100.00%) -- Ticket Income 82 960 $
Luxury Box -- Attendance: 1000 (100.00%) -- Ticket Income 199 000 $
Game was played at the Honda Center.
Total Attendance: 16289 (94.85%)
Total Ticket Income: 1 424 900 $
Other Income: 213 735 $
Total Income: 1 638 635 $

% Time on Ice - Predators

Lines # - Real PCT - Wanted PCT - Time Play
Normal Forward
1 - 29% - 35% - 12:07
2 - 26% - 32% - 10:52
3 - 25% - 27% - 10:28
4 - 19% - 6% - 7:53
Normal Defense
1 - 32% - 40% - 13:06
2 - 31% - 34% - 12:56
3 - 30% - 24% - 12:22
4 - 7% - 2% - 2:56
PP Forward
1 - 51% - 60% - 4:07
2 - 49% - 40% - 3:59
PP Defense
1 - 53% - 60% - 4:16
2 - 47% - 40% - 3:50
PK Forward
1 - 82% - 60% - 7:03
2 - 18% - 40% - 1:32
PK Defense
1 - 57% - 60% - 4:56
2 - 43% - 40% - 3:39
PK3 Forward
1 - 0% - 60%
2 - 0% - 40%
PK3 Defense
1 - 0% - 60%
2 - 0% - 40%
44 Forward
1 - 60% - 60% - 1:11
2 - 40% - 40% - 0:48
44 Defense
1 - 60% - 60% - 1:11
2 - 40% - 40% - 0:48
Last Minute Offensive  - 0:00
Last Minute Defensive  - 0:00
Total
Forward - 60:00
Defense - 60:00

% Time on Ice - Ducks

Lines # - Real PCT - Wanted PCT - Time Play
Normal Forward
1 - 34% - 34% - 13:54
2 - 28% - 30% - 11:22
3 - 29% - 25% - 11:57
4 - 10% - 11% - 4:07
Normal Defense
1 - 32% - 37% - 13:22
2 - 38% - 37% - 15:50
3 - 28% - 26% - 11:29
4 - 2% - 0% - 0:39
PP Forward
1 - 59% - 55% - 5:04
2 - 41% - 45% - 3:31
PP Defense
1 - 49% - 55% - 4:13
2 - 51% - 45% - 4:22
PK Forward
1 - 63% - 55% - 4:44
2 - 37% - 45% - 2:50
PK Defense
1 - 49% - 55% - 3:43
2 - 51% - 45% - 3:51
PK3 Forward
1 - 100% - 55% - 0:32
2 - 0% - 45% - 0:00
PK3 Defense
1 - 0% - 55% - 0:00
2 - 100% - 45% - 0:32
44 Forward
1 - 66% - 55% - 1:19
2 - 34% - 45% - 0:40
44 Defense
1 - 56% - 55% - 1:07
2 - 44% - 45% - 0:52
Last Minute Offensive  - 0:00
Last Minute Defensive  - 0:00
Total
Forward - 60:00
Defense - 60:00

Play by Play

1st period


0:01 of 1st period - Mark Scheifele wins face-off versus Vladislav Namestnikov in neutral zone.
0:12 of 1st period - Shot by Mark Scheifele.
0:12 of 1st period - Shot Blocked by Roman Josi.
0:17 of 1st period - Vincent Trocheck is hit by Josh Manson.
0:46 of 1st period - Icing by Josh Manson.
0:47 of 1st period - Mark Scheifele wins face-off versus Steven Stamkos in Ducks zone.
0:47 of 1st period - Mark Scheifele is hit by Jaden Schwartz.
1:14 of 1st period - Off-side.
1:15 of 1st period - Claude Giroux wins face-off versus Elias Lindholm in neutral zone.
1:28 of 1st period - Shot by Claude Giroux.
1:28 of 1st period - Shot Misses the Net.
2:54 of 1st period - Shot by Oscar Klefbom.
2:54 of 1st period - Stopped by Braden Holtby without a rebound.
2:55 of 1st period - Brandon Dubinsky wins face-off versus Vincent Trocheck in Ducks zone.
4:02 of 1st period - Minor Penalty to Brandon Dubinsky for Holding.
4:02 of 1st period - Minor Penalty to J.T. Miller for Slashing.
4:03 of 1st period - Vincent Trocheck wins face-off versus Mark Scheifele in neutral zone.
4:13 of 1st period - Vincent Trocheck is hit by Wayne Simmonds and loses puck.
4:40 of 1st period - Shot by Wayne Simmonds.
4:40 of 1st period - Shot Misses the Net.
5:17 of 1st period - Shot by Jaden Schwartz.
5:17 of 1st period - Shot Misses the Net.
5:29 of 1st period - Shot by Steven Stamkos.
5:29 of 1st period - Stopped by Braden Holtby without a rebound.
5:30 of 1st period - Mark Scheifele wins face-off versus Vincent Trocheck in Ducks zone.
5:37 of 1st period - Nick Leddy is hit by Wayne Simmonds and loses puck.
5:51 of 1st period - Shot by Max Pacioretty.
5:51 of 1st period - Stopped by Braden Holtby without a rebound.
5:52 of 1st period - Claude Giroux wins face-off versus Steven Stamkos in Ducks zone.
5:57 of 1st period - Shot by Claude Giroux.
5:57 of 1st period - Shot Misses the Net.
6:16 of 1st period - Icing by Nick Leddy.
6:17 of 1st period - Elias Lindholm wins face-off versus Brandon Dubinsky in Predators zone.
7:08 of 1st period - Minor Penalty to Steven Stamkos for Interference.
7:09 of 1st period - Mark Scheifele wins face-off versus Cal OReilly in Predators zone.
7:29 of 1st period - Max Pacioretty is hit by Kris Letang and loses puck.
7:45 of 1st period - Shot by Gabriel Landeskog.
7:45 of 1st period - Shot Misses the Net.
7:47 of 1st period - Shot by Mark Scheifele.
7:47 of 1st period - Goal by Mark Scheifele - Predators : 0 - Ducks : 1.
7:48 of 1st period - Claude Giroux wins face-off versus Steven Stamkos in neutral zone.
8:07 of 1st period - Shot by T.J. Oshie.
8:07 of 1st period - Stopped by Pekka Rinne without a rebound.
8:08 of 1st period - Yanni Gourde wins face-off versus Wade Megan in Predators zone.
8:08 of 1st period - Yanni Gourde is hit by Roman Josi.
8:42 of 1st period - Shot by Vladislav Namestnikov.
8:42 of 1st period - Goal by Vladislav Namestnikov - Predators : 1 - Ducks : 1.
8:43 of 1st period - Mark Scheifele wins face-off versus Steven Stamkos in neutral zone.
8:46 of 1st period - Shot by Wayne Simmonds.
8:46 of 1st period - Shot Misses the Net.
8:48 of 1st period - Shot by Gabriel Landeskog.
8:48 of 1st period - Deflect By Wayne Simmonds.
8:48 of 1st period - Stopped by Pekka Rinne without a rebound.
8:49 of 1st period - Steven Stamkos wins face-off versus Mark Scheifele in Predators zone.
8:55 of 1st period - Nick Leddy is hit by Gabriel Landeskog and loses puck.
9:01 of 1st period - John Moore is hit by Josh Manson and loses puck.
9:08 of 1st period - Shot by Kevin Hayes.
9:08 of 1st period - Stopped by Braden Holtby without a rebound.
9:09 of 1st period - Claude Giroux wins face-off versus Vincent Trocheck in Ducks zone.
10:35 of 1st period - Shot by Steven Stamkos.
10:35 of 1st period - Stopped by Braden Holtby without a rebound.
10:36 of 1st period - Brandon Dubinsky wins face-off versus Elias Lindholm in Ducks zone.
10:36 of 1st period - Brandon Dubinsky is hit by J.T. Miller.
11:21 of 1st period - Boone Jenner is hit by Roman Josi.
11:39 of 1st period - Shot by Jaden Schwartz.
11:39 of 1st period - Shot Misses the Net.
11:49 of 1st period - Shot by Jaden Schwartz.
11:49 of 1st period - Deflect By Steven Stamkos.
11:49 of 1st period - Stopped by Braden Holtby without a rebound.
11:50 of 1st period - Wade Megan wins face-off versus Mark Scheifele in Ducks zone.
12:23 of 1st period - Shot by Wayne Simmonds.
12:23 of 1st period - Deflect By Mark Scheifele.
12:23 of 1st period - Shot Blocked by Nick Leddy.
13:03 of 1st period - Shot by Kevin Hayes.
13:03 of 1st period - Deflect By Steven Stamkos.
13:03 of 1st period - Shot Misses the Net.
13:17 of 1st period - Shot by Jaden Schwartz.
13:17 of 1st period - Shot Misses the Net.
13:44 of 1st period - Off-side.
13:45 of 1st period - Elias Lindholm wins face-off versus William Nylander in neutral zone.
14:17 of 1st period - Shot by Boone Jenner.
14:17 of 1st period - Stopped by Pekka Rinne without a rebound.
14:18 of 1st period - Vincent Trocheck wins face-off versus Mark Scheifele in Predators zone.
14:37 of 1st period - Shot by Wayne Simmonds.
14:37 of 1st period - Shot Blocked by Roman Josi.
14:39 of 1st period - Shot by Wayne Simmonds.
14:39 of 1st period - Shot Misses the Net.
14:41 of 1st period - Shot by Mark Scheifele.
14:41 of 1st period - Goal by Mark Scheifele - Predators : 1 - Ducks : 2.
14:42 of 1st period - Steven Stamkos wins face-off versus Yanni Gourde in neutral zone.
14:45 of 1st period - Shot by Jaden Schwartz.
14:45 of 1st period - Stopped by Braden Holtby without a rebound.
14:46 of 1st period - Steven Stamkos wins face-off versus Yanni Gourde in Ducks zone.
15:07 of 1st period - Shot by Steven Stamkos.
15:07 of 1st period - Stopped by Braden Holtby without a rebound.
15:08 of 1st period - Elias Lindholm wins face-off versus Mark Scheifele in Ducks zone.
15:20 of 1st period - Off-side.
15:21 of 1st period - Brandon Dubinsky wins face-off versus Vincent Trocheck in neutral zone.
15:23 of 1st period - Minor Penalty to Brandon Dubinsky for Hooking.
15:24 of 1st period - Max Pacioretty wins face-off versus T.J. Oshie in Ducks zone.
15:37 of 1st period - Shot by Max Pacioretty.
15:37 of 1st period - Shot Misses the Net.
15:39 of 1st period - Shot by Nick Leddy.
15:39 of 1st period - Stopped by Braden Holtby without a rebound.
15:40 of 1st period - T.J. Oshie wins face-off versus Steven Stamkos in Ducks zone.
15:40 of 1st period - Blake Comeau is hit by Vincent Trocheck.
16:50 of 1st period - Minor Penalty to Josh Manson for Hooking.
16:51 of 1st period - Boone Jenner wins face-off versus Max Pacioretty in Ducks zone.
17:08 of 1st period - Shot by Max Pacioretty.
17:08 of 1st period - Shot Misses the Net.
17:10 of 1st period - Shot by Nick Leddy.
17:10 of 1st period - Shot Misses the Net.
17:16 of 1st period - Shot by J.T. Miller.
17:16 of 1st period - Shot Hit the Post.
17:18 of 1st period - Shot by J.T. Miller.
17:18 of 1st period - Shot Misses the Net.
17:44 of 1st period - Shot by Vincent Trocheck.
17:44 of 1st period - Shot Blocked by Brandon Dubinsky.
18:26 of 1st period - Icing by Nick Leddy.
18:27 of 1st period - Claude Giroux wins face-off versus Max Pacioretty in Predators zone.
19:00 of 1st period - Mark Scheifele is hit by Klas Dahlbeck and loses puck.
19:11 of 1st period - Shot by Mark Scheifele.
19:11 of 1st period - Stopped by Pekka Rinne without a rebound.
19:12 of 1st period - Claude Giroux wins face-off versus Steven Stamkos in Predators zone.
19:21 of 1st period - Shot by Jaden Schwartz.
19:21 of 1st period - Stopped by Braden Holtby without a rebound.
19:22 of 1st period - Vincent Trocheck wins face-off versus Mark Scheifele in Ducks zone.
19:22 of 1st period - Roman Josi is hit by Josh Manson.
19:24 of 1st period - Shot by Max Pacioretty.
19:24 of 1st period - Stopped by Braden Holtby with a rebound.
19:48 of 1st period - Shot by Wayne Simmonds.
19:48 of 1st period - Stopped by Pekka Rinne without a rebound.
19:49 of 1st period - Steven Stamkos wins face-off versus Claude Giroux in Predators zone.
19:53 of 1st period - Nick Leddy is hit by T.J. Oshie and loses puck.
Goals for this period are 1 for Predators vs 2 for Ducks.
Shots for this period are 12 for Predators vs 7 for Ducks.

2nd period


0:01 of 2nd period - Mark Scheifele wins face-off versus Vincent Trocheck in neutral zone.
0:59 of 2nd period - Icing by Kris Letang.
1:00 of 2nd period - Mark Scheifele wins face-off versus Elias Lindholm in Ducks zone.
1:20 of 2nd period - Nick Leddy is hit by Jake Dotchin and loses puck.
1:38 of 2nd period - Nick Leddy is hit by Boone Jenner and loses puck.
1:48 of 2nd period - Minor Penalty to Brandon Dubinsky for Tripping.
1:49 of 2nd period - T.J. Oshie wins face-off versus Steven Stamkos in Ducks zone.
2:00 of 2nd period - Off-side.
2:01 of 2nd period - Steven Stamkos wins face-off versus T.J. Oshie in neutral zone.
2:10 of 2nd period - Shot by Jaden Schwartz.
2:10 of 2nd period - Shot Blocked by Matt Hunwick.
2:12 of 2nd period - Shot by Jaden Schwartz.
2:12 of 2nd period - Goal by Jaden Schwartz - Predators : 2 - Ducks : 2.
2:13 of 2nd period - Wade Megan wins face-off versus Brandon Dubinsky in neutral zone.
3:05 of 2nd period - Icing by Vladislav Namestnikov.
3:06 of 2nd period - Mark Scheifele wins face-off versus Wade Megan in Predators zone.
3:11 of 2nd period - Shot by Wayne Simmonds.
3:11 of 2nd period - Stopped by Pekka Rinne with a rebound.
3:13 of 2nd period - Shot by Gabriel Landeskog.
3:13 of 2nd period - Shot Misses the Net.
3:14 of 2nd period - Minor Penalty to Nikita Zadorov for Hooking.
3:15 of 2nd period - Mark Scheifele wins face-off versus Steven Stamkos in Predators zone.
3:41 of 2nd period - Icing by Kris Letang.
3:42 of 2nd period - Gabriel Landeskog wins face-off versus Steven Stamkos in Ducks zone.
4:07 of 2nd period - Shot by Wayne Simmonds.
4:07 of 2nd period - Stopped by Pekka Rinne with a rebound.
4:30 of 2nd period - Icing by T.J. Oshie.
4:31 of 2nd period - Claude Giroux wins face-off versus Steven Stamkos in Ducks zone.
5:00 of 2nd period - Shot by Matt Hunwick.
5:00 of 2nd period - Shot Misses the Net.
6:15 of 2nd period - Shot by Kris Letang.
6:15 of 2nd period - Stopped by Pekka Rinne without a rebound.
6:16 of 2nd period - Mark Scheifele wins face-off versus Steven Stamkos in Predators zone.
7:09 of 2nd period - Oscar Klefbom is hit by Gabriel Landeskog and loses puck.
7:44 of 2nd period - Shot by Kris Letang.
7:44 of 2nd period - Shot Misses the Net.
7:46 of 2nd period - Shot by Kris Letang.
7:46 of 2nd period - Shot Blocked by Roman Josi.
8:30 of 2nd period - Boone Jenner is hit by J.T. Miller and loses puck.
8:59 of 2nd period - Icing by Connor Murphy.
9:00 of 2nd period - Elias Lindholm wins face-off versus Yanni Gourde in Predators zone.
9:02 of 2nd period - Minor Penalty to Chris Kunitz for Interference.
9:03 of 2nd period - Max Pacioretty wins face-off versus Brandon Dubinsky in Ducks zone.
9:10 of 2nd period - Shot by Elias Lindholm.
9:10 of 2nd period - Stopped by Braden Holtby with a rebound.
9:12 of 2nd period - Shot by Max Pacioretty.
9:12 of 2nd period - Shot Misses the Net.
9:14 of 2nd period - Shot by Elias Lindholm.
9:14 of 2nd period - Goal by Elias Lindholm - Predators : 3 - Ducks : 2.
9:15 of 2nd period - Claude Giroux wins face-off versus Vincent Trocheck in neutral zone.
9:27 of 2nd period - Off-side.
9:28 of 2nd period - Wade Megan wins face-off versus Mark Scheifele in neutral zone.
9:31 of 2nd period - Kris Letang is hit by Wade Megan and loses puck.
11:02 of 2nd period - Minor Penalty to J.T. Miller for Hooking.
11:03 of 2nd period - Steven Stamkos wins face-off versus Mark Scheifele in Predators zone.
13:24 of 2nd period - Icing by Jake Dotchin.
13:25 of 2nd period - Brandon Dubinsky wins face-off versus Elias Lindholm in Ducks zone.
13:40 of 2nd period - Shot by Elias Lindholm.
13:40 of 2nd period - Shot Blocked by Jake Dotchin.
13:43 of 2nd period - Icing by Derek Forbort.
13:44 of 2nd period - Brandon Dubinsky wins face-off versus Steven Stamkos in Ducks zone.
13:44 of 2nd period - Brandon Dubinsky is hit by Nikita Zadorov.
13:51 of 2nd period - Brandon Dubinsky is hit by Nikita Zadorov and loses puck.
14:21 of 2nd period - Shot by Yanni Gourde.
14:21 of 2nd period - Shot Misses the Net.
14:23 of 2nd period - Shot by Blake Comeau.
14:23 of 2nd period - Stopped by Pekka Rinne without a rebound.
14:24 of 2nd period - Mark Scheifele wins face-off versus Vincent Trocheck in Predators zone.
14:31 of 2nd period - Shot by Mark Scheifele.
14:31 of 2nd period - Stopped by Pekka Rinne without a rebound.
14:32 of 2nd period - Vincent Trocheck wins face-off versus Claude Giroux in Predators zone.
14:48 of 2nd period - Icing by Milan Lucic.
14:49 of 2nd period - Elias Lindholm wins face-off versus Claude Giroux in Ducks zone.
15:06 of 2nd period - Elias Lindholm is hit by Jake Dotchin and loses puck.
15:58 of 2nd period - Shot by Gabriel Landeskog.
15:58 of 2nd period - Shot Blocked by Oscar Klefbom.
16:00 of 2nd period - Shot by Wayne Simmonds.
16:00 of 2nd period - Stopped by Pekka Rinne without a rebound.
16:01 of 2nd period - Brandon Dubinsky wins face-off versus Steven Stamkos in Predators zone.
16:02 of 2nd period - Shot by Boone Jenner.
16:02 of 2nd period - Shot Blocked by Connor Murphy.
16:05 of 2nd period - William Nylander is hit by Nikita Zadorov and loses puck.
16:15 of 2nd period - Steven Stamkos is hit by Matt Hunwick and loses puck.
16:28 of 2nd period - Shot by Steven Stamkos.
16:28 of 2nd period - Shot Misses the Net.
16:45 of 2nd period - Minor Penalty to Boone Jenner for Holding.
16:46 of 2nd period - Brandon Dubinsky wins face-off versus Max Pacioretty in Ducks zone.
17:10 of 2nd period - Icing by Max Pacioretty.
17:11 of 2nd period - Claude Giroux wins face-off versus Max Pacioretty in Predators zone.
17:27 of 2nd period - Shot by Roman Josi.
17:27 of 2nd period - Shot Blocked by T.J. Oshie.
18:37 of 2nd period - Shot by Nick Leddy.
18:37 of 2nd period - Stopped by Braden Holtby without a rebound.
18:38 of 2nd period - Steven Stamkos wins face-off versus Claude Giroux in Ducks zone.
18:41 of 2nd period - Shot by Jaden Schwartz.
18:41 of 2nd period - Stopped by Braden Holtby without a rebound.
18:42 of 2nd period - Claude Giroux wins face-off versus Steven Stamkos in Ducks zone.
18:57 of 2nd period - Shot by Mark Scheifele.
18:57 of 2nd period - Shot Misses the Net.
19:06 of 2nd period - Nick Leddy is hit by Derek Forbort and loses puck.
19:51 of 2nd period - Icing by Roman Josi.
19:52 of 2nd period - Elias Lindholm wins face-off versus Claude Giroux in Predators zone.
19:56 of 2nd period - Icing by J.T. Miller.
19:57 of 2nd period - Elias Lindholm wins face-off versus Claude Giroux in Predators zone.
Goals for this period are 2 for Predators vs 0 for Ducks.
Shots for this period are 5 for Predators vs 6 for Ducks.

3rd period


0:01 of 3rd period - Vincent Trocheck wins face-off versus Claude Giroux in neutral zone.
0:18 of 3rd period - Shot by Max Pacioretty.
0:18 of 3rd period - Stopped by Braden Holtby with a rebound.
1:18 of 3rd period - Minor Penalty to Wayne Simmonds for Goalie Interference.
1:19 of 3rd period - Max Pacioretty wins face-off versus Brandon Dubinsky in Ducks zone.
1:22 of 3rd period - Shot by J.T. Miller.
1:22 of 3rd period - Shot Blocked by Nikita Zaitsev.
1:24 of 3rd period - Shot by Kevin Hayes.
1:24 of 3rd period - Goal by Kevin Hayes - Predators : 4 - Ducks : 2.
1:24 of 3rd period - Justin Peters enters game.
1:25 of 3rd period - Elias Lindholm wins face-off versus Mark Scheifele in neutral zone.
1:32 of 3rd period - Shot by J.T. Miller.
1:32 of 3rd period - Stopped by Justin Peters with a rebound.
3:02 of 3rd period - Shot by Brandon Dubinsky.
3:02 of 3rd period - Stopped by Pekka Rinne with a rebound.
3:54 of 3rd period - Shot by Claude Giroux.
3:54 of 3rd period - Stopped by Pekka Rinne without a rebound.
3:55 of 3rd period - Steven Stamkos wins face-off versus Yanni Gourde in Predators zone.
4:12 of 3rd period - Icing by Josh Manson.
4:13 of 3rd period - Yanni Gourde wins face-off versus Elias Lindholm in Ducks zone.
4:13 of 3rd period - Yanni Gourde is hit by Elias Lindholm.
4:50 of 3rd period - T.J. Oshie is hit by John Moore.
5:06 of 3rd period - Icing by Nikita Zaitsev.
5:07 of 3rd period - Claude Giroux wins face-off versus Vincent Trocheck in Ducks zone.
5:09 of 3rd period - T.J. Oshie is hit by Vladislav Namestnikov and loses puck.
5:17 of 3rd period - T.J. Oshie is hit by Roman Josi.
5:25 of 3rd period - Roman Josi is hit by Milan Lucic and loses puck.
5:33 of 3rd period - Minor Penalty to Max Pacioretty for Boarding.
5:34 of 3rd period - Steven Stamkos wins face-off versus Mark Scheifele in Predators zone.
5:58 of 3rd period - Wayne Simmonds is hit by Connor Murphy and loses puck.
7:37 of 3rd period - Shot by Klas Dahlbeck.
7:37 of 3rd period - Shot Misses the Net.
7:57 of 3rd period - Max Pacioretty is hit by Blake Comeau and loses puck.
8:07 of 3rd period - Icing by Connor Murphy.
8:08 of 3rd period - Vladislav Namestnikov wins face-off versus Brandon Dubinsky in Predators zone.
8:08 of 3rd period - Vladislav Namestnikov is hit by Boone Jenner.
8:19 of 3rd period - Boone Jenner is hit by Nikita Zadorov and loses puck.
8:40 of 3rd period - Shot by William Nylander.
8:40 of 3rd period - Shot Misses the Net.
8:55 of 3rd period - Icing by Connor Murphy.
8:56 of 3rd period - Mark Scheifele wins face-off versus Vincent Trocheck in Predators zone.
9:08 of 3rd period - Minor Penalty to Max Pacioretty for Tripping.
9:09 of 3rd period - Claude Giroux wins face-off versus Steven Stamkos in Predators zone.
10:15 of 3rd period - Icing by Gabriel Landeskog.
10:16 of 3rd period - Mark Scheifele wins face-off versus Steven Stamkos in Ducks zone.
10:52 of 3rd period - Off-side.
10:53 of 3rd period - T.J. Oshie wins face-off versus Steven Stamkos in neutral zone.
11:09 of 3rd period - Shot by Brandon Dubinsky.
11:09 of 3rd period - Shot Blocked by Nick Leddy.
12:31 of 3rd period - Shot by Cal OReilly.
12:31 of 3rd period - Shot Misses the Net.
13:04 of 3rd period - Max Pacioretty is hit by Derek Forbort and loses puck.
13:29 of 3rd period - Mark Scheifele is hit by Max Pacioretty and loses puck.
13:31 of 3rd period - Minor Penalty to Derek Forbort for Interference.
13:32 of 3rd period - T.J. Oshie wins face-off versus Steven Stamkos in Ducks zone.
13:47 of 3rd period - Shot by Vincent Trocheck.
13:47 of 3rd period - Stopped by Justin Peters with a rebound.
13:49 of 3rd period - Shot by Vincent Trocheck.
13:49 of 3rd period - Shot Misses the Net.
13:51 of 3rd period - Shot by Oscar Klefbom.
13:51 of 3rd period - Stopped by Justin Peters with a rebound.
14:01 of 3rd period - Shot by Oscar Klefbom.
14:01 of 3rd period - Shot Blocked by Kris Letang.
14:23 of 3rd period - Shot by Roman Josi.
14:23 of 3rd period - Stopped by Justin Peters with a rebound.
14:25 of 3rd period - Shot by Kevin Hayes.
14:25 of 3rd period - Stopped by Justin Peters without a rebound.
14:26 of 3rd period - Max Pacioretty wins face-off versus Claude Giroux in Ducks zone.
14:44 of 3rd period - Shot by Nick Leddy.
14:44 of 3rd period - Stopped by Justin Peters without a rebound.
14:45 of 3rd period - Steven Stamkos wins face-off versus Claude Giroux in Ducks zone.
16:01 of 3rd period - Shot by Wade Megan.
16:01 of 3rd period - Stopped by Justin Peters without a rebound.
16:02 of 3rd period - Elias Lindholm wins face-off versus Claude Giroux in Ducks zone.
16:23 of 3rd period - Josh Manson is hit by Cal OReilly and loses puck.
17:06 of 3rd period - Shot by Kevin Hayes.
17:06 of 3rd period - Shot Misses the Net.
17:23 of 3rd period - Jaden Schwartz is hit by Derek Forbort and loses puck.
17:55 of 3rd period - Shot by Max Pacioretty.
17:55 of 3rd period - Shot Misses the Net.
17:57 of 3rd period - Shot by Max Pacioretty.
17:57 of 3rd period - Shot Hit the Post.
17:59 of 3rd period - Shot by Max Pacioretty.
17:59 of 3rd period - Shot Misses the Net.
19:02 of 3rd period - Shot by Jaden Schwartz.
19:02 of 3rd period - Stopped by Justin Peters without a rebound.
19:03 of 3rd period - Vincent Trocheck wins face-off versus Claude Giroux in Ducks zone.
19:37 of 3rd period - Shot by Milan Lucic.
19:37 of 3rd period - Shot Misses the Net.
19:50 of 3rd period - Icing by Connor Murphy.
19:51 of 3rd period - Max Pacioretty wins face-off versus Brandon Dubinsky in Predators zone.
Goals for this period are 1 for Predators vs 0 for Ducks.
Shots for this period are 10 for Predators vs 2 for Ducks.